 Dungeon Crawl Stone Soup version 0.30-a0-358-g0d69a1922f (webtiles) character file.

Game seed: 1439628589235630721

8927 p00ps00p the Blocker (level 11, 0/95 HPs)
             Began as a Hill Orc Fighter on Nov 10, 2022.
             Was an Initiate of Gozag.
             Slain by a two-headed ogre
             ... wielding a +0 giant club
              (8 damage)
             ... on level 8 of the Dungeon.
             The game lasted 00:15:20 (6991 turns).

p00ps00p the Blocker (Hill Orc Fighter)             Turns: 6991, Time: 00:15:20

Health: 0/95       AC:  9    Str: 24    XL:     11   Next: 38%
Magic:  11/11      EV: 19    Int:  8    God:    Gozag
Gold:   653        SH:  8    Dex: 10    Spells: 10/10 levels left

rFire   . . .      SeeInvis .    o - +0 broad axe
rCold   + . .      Faith    .    c - +1 buckler
rNeg    . . .      Spirit   .    q - +0 steam dragon scales
rPois   .          Reflect  .    x - +0 helmet
rElec   .          Harm     .    (no cloak)
rCorr   .          Rampage  .    (no gloves)
Will    .....                    (no boots)
Stlth   ++........               n - amulet of regeneration
HPRegen 1.15/turn                p - +4 ring of evasion
MPRegen 0.12/turn                r - ring "Gofeiq" {*Slow rC+ EV+4 Slay+3 Stlth+}

@: gold aura, hasted, very quick
A: no striking features
a: Renounce Religion, Potion Petition, Call Merchant, Bribe Branch


You were on level 8 of the Dungeon.
You worshipped Gozag.
Gozag was pleased with you.
You visited 2 branches of the dungeon, and saw 9 of its levels.
You also visited: Ossuary.

You collected 781 gold pieces.
You paid 128 gold pieces to Gozag.

Inventory:

Hand Weapons
 a - a +1 war axe
 o - a +0 broad axe (weapon)
Missiles
 f - 27 poisoned darts (quivered)
 k - a throwing net
 t - 4 curare-tipped darts
 B - 6 javelins
Armour
 b - a +0 scale mail
 c - a +1 buckler (worn)
 h - a +0 leather armour of willpower
 q - +0 steam dragon scales (worn)
 x - a +0 helmet (worn)
Jewellery
 d - a ring of protection from fire
 l - a ring of flight
 n - an amulet of regeneration (around neck)
 p - a +4 ring of evasion (left hand)
 r - the ring "Gofeiq" (right hand) {*Slow rC+ EV+4 Slay+3 Stlth+}
   (You found it on level 4 of the Dungeon)

   [ring of evasion]

   EV:        It affects your evasion (+4).
   Slay:      It affects your accuracy & damage with ranged weapons and melee
   (+3).
   rC:        It protects you from cold.
   *Slow:     It may slow you when you take damage.
   Stlth:     It makes you more stealthy.
 w - a ring of resist corrosion
Scrolls
 g - 2 scrolls of identify
 u - 4 scrolls of vulnerability
 A - a scroll of silence
Potions
 e - 2 potions of attraction
 i - 4 potions of curing
 j - a potion of mutation {unknown}
 m - 2 potions of haste
 s - 3 potions of lignification {unknown}
 v - 3 potions of degeneration {unknown}
 z - a potion of resistance {unknown}
 C - a potion of magic {unknown}


   Skills:
 + Level 8.4 Fighting
 + Level 8.5 Axes
 + Level 12.3 Armour
 + Level 14.8 Shields


You had 10 spell levels left.
You didn't know any spells.
Your spell library contained the following spells:

 Spells                   Type           Power      Damage    Failure   Level
 Slow                     Hex            0%         N/A       45%         1
 Ensorcelled Hibernation  Hex/Ice        0%         N/A       58%         2
 Sublimation of Blood     Necr           0%         N/A       58%         2
 Confusing Touch          Hex            0%         N/A       83%         3
 Spider Form              Tmut/Pois      0%         N/A       83%         3
 Vampiric Draining        Necr           0%         2d6       83%         3
 Anguish                  Hex/Necr       0%         N/A       99%         4
 Petrify                  Tmut/Erth      0%         N/A       99%         4
 Irradiate                Conj/Tmut      0%         3d11      100%        5
 Yara's Violent Unravell  Hex/Tmut       0%         3d3       100%        5
 Enfeeble                 Hex            0%         N/A       100%        7


Dungeon Overview and Level Annotations

Branches:
Dungeon (8/15)             Temple (1/1) D:7         Ossuary (visited)
   Lair: D:8-11

Altars:
Ashenzari
Dithmenos
Elyvilon
Gozag
Hepliaklqana
Makhleb
Nemelex Xobeh
Okawaru
Qazlal
Ru
Sif Muna
Trog
Uskayaw
Vehumet
Xom
Yredelemnul
The Shining One

Shops:
D:6 :


Message History

The two-headed ogre is no longer distracted by gold.
You feel better.
You hit the two-headed ogre.
The two-headed ogre is lightly wounded.
The two-headed ogre hits you with a +0 giant club!
* * * LOW HITPOINT WARNING * * *
The two-headed ogre hits you but does no damage.
You slash the two-headed ogre!
The two-headed ogre is moderately wounded.
The two-headed ogre misses you. The two-headed ogre closely misses you.
You barely miss the two-headed ogre.
The two-headed ogre is moderately wounded.
The two-headed ogre hits you with a +0 giant club!
* * * LOW HITPOINT WARNING * * *
The two-headed ogre closely misses you.
You barely miss the two-headed ogre.
The two-headed ogre is moderately wounded.
You block the two-headed ogre's attack.
The two-headed ogre hits you with a +0 giant club!
* * * LOW HITPOINT WARNING * * *
It was a potion of haste.
You feel yourself speed up.
You see here 7 gold pieces.
You barely miss the two-headed ogre.
The two-headed ogre is moderately wounded.
You slash the two-headed ogre!
The two-headed ogre is severely wounded.
You block the two-headed ogre's attack. The two-headed ogre misses you.
You hit the two-headed ogre.
The two-headed ogre is severely wounded.
The two-headed ogre completely misses you.
The two-headed ogre hits you with a +0 giant club!
* * * LOW HITPOINT WARNING * * *
You slash the two-headed ogre!
The two-headed ogre is almost dead.
You barely miss the two-headed ogre.
The two-headed ogre is almost dead.
The two-headed ogre misses you.
The two-headed ogre hits you with a +0 giant club!
You die...
Your body crumbles into a pile of gold.

.≈.. ....≈.#### ..≈≈≈§
≈≈≈≈....# ...... ........
......##...... #.
............# ...
.............##...
.................. ....
#...........##... #
....##..@O$$......... ..
#..(........>.....# ...
###.....)..(......#
#..###............#..##$ .
.....................#..
....##....................
≈.......$.........(.......
≈S≈≈......................
≈≈#≈........##..#.........


You could see a two-headed ogre.

Vanquished Creatures
  Pikel (D:6)
  Joseph (D:8)
  Maggie (D:6)
  Grinder (D:5)
  Eustachio (D:4)
  2 acid dragons
  2 water moccasins
  Duvessa (D:7)
  A black bear (D:5)
  3 ice beasts
  A centaur (D:7)
  4 lemures (D:6)
  2 kobold brigands
  2 bullfrogs (D:8)
  A necrophage (D:6)
  A gnoll sergeant (D:6)
  4 scorpions
  Dowan (D:7)
  5 hounds
  3 centaur zombies (Ossuary)
  2 human zombies (Ossuary)
  An orc priest (D:5)
  A gnoll bouda (D:7)
  5 iguanas
  An orc wizard (D:5)
  3 mummies
  9 gnolls
  5 adders
  2 white imps
  A shadow imp (D:7)
  An ufetubus (D:4)
  An adder zombie (Ossuary)
  2 worms
  5 orcs
  7 endoplasms
  3 giant cockroaches
  6 goblins
  6 hobgoblins
  A jackal (D:2)
  6 quokkas
  9 ball pythons
  4 bats
  13 frilled lizards
  A goblin zombie (Ossuary)
  4 hobgoblin zombies (Ossuary)
  5 jackal zombies (Ossuary)
  10 kobolds
  9 kobold zombies (Ossuary)
  11 orc zombies (Ossuary)
  2 rats
  A rat zombie (Ossuary)
175 creatures vanquished.

Vanquished Creatures (collateral kills)
  Prince Ribbit (D:6)
  An endoplasm (D:2)
2 creatures vanquished.

Vanquished Creatures (others)
  A fungus (D:1)
  9 plants
10 creatures vanquished.

Grand Total: 187 creatures vanquished

Notes
Turn   | Place    | Note
-------+----------+-------------------------------------------
     0 | D:1      | p00ps00p the Hill Orc Fighter began the quest for the Orb.
     0 | D:1      | Reached XP level 1. HP: 19/19 MP: 1/1
   365 | D:1      | Reached XP level 2. HP: 25/27 MP: 2/2
   605 | D:1      | Found a faded altar of an unknown god.
  1012 | D:2      | Reached XP level 3. HP: 33/33 MP: 3/3
  1718 | D:2      | Reached XP level 4. HP: 41/41 MP: 4/4
  2328 | D:3      | Reached skill level 4 in Shields
  2749 | D:4      | Identified the ring "Gofeiq" {*Slow rC+ EV+4 Slay+3 Stlth+}
  2812 | D:4      | Reached XP level 5. HP: 39/47 MP: 5/5
  2833 | D:4      | Noticed Eustachio
  2852 | D:4      | Killed Eustachio
  2853 | D:4      | Reached skill level 5 in Fighting
  2853 | D:4      | Reached XP level 6. HP: 33/56 MP: 6/6
  3019 | D:4      | Noticed an ice beast
  3029 | D:4      | Killed an ice beast
  3101 | D:4      | Reached skill level 5 in Axes
  3375 | D:5      | Entered Level 5 of the Dungeon
  3448 | D:5      | Reached skill level 5 in Armour
  3448 | D:5      | Reached skill level 5 in Shields
  3448 | D:5      | Reached XP level 7. HP: 49/62 MP: 7/7
  3721 | D:5      | Noticed Grinder
  3731 | D:5      | Killed Grinder
  3752 | D:5      | Reached XP level 8. HP: 71/71 MP: 8/8
  3843 | D:5      | Reached skill level 6 in Shields
  4135 | D:6      | Noticed Prince Ribbit
  4169 | D:6      | Killed Prince Ribbit
  4668 | D:6      | Found Tawn's Book Shoppe.
  4671 | D:6      | Noticed Maggie
  4715 | D:6      | Killed Maggie
  4716 | D:6      | Reached XP level 9. HP: 61/80 MP: 9/9
  4735 | D:6      | Reached skill level 14 in Shields
  4735 | D:6      | Reached XP level 10. HP: 88/88 MP: 10/10
  4736 | D:6      | Reached XP level 11. HP: 93/93 MP: 11/11
  4926 | D:6      | Noticed Pikel
  4955 | D:6      | Killed Pikel
  5435 | D:7      | Found a staircase to the Ecumenical Temple.
  5494 | Temple   | Entered the Ecumenical Temple
  5545 | Temple   | Became a worshipper of Gozag Ym Sagoz the Greedy
  5600 | D:7      | Found a sand-covered staircase.
  5609 | Ossuary  | Entered an ossuary
  6100 | D:7      | HP: 3/94 [acid dragon/splash of acid (23)]
  6528 | D:7      | Noticed Duvessa
  6529 | D:7      | Noticed Dowan
  6537 | D:7      | Killed Duvessa
  6548 | D:7      | Killed Dowan
  6754 | D:7      | Found a sacrificial altar of Ru.
  6756 | D:7      | Found a hazy altar of Hepliaklqana.
  6886 | D:8      | Noticed a two-headed ogre
  6893 | D:8      | Noticed Joseph
  6930 | D:8      | Killed Joseph
  6991 | D:8      | Slain by a two-headed ogre

Illustrated notes

Levels and vault maps discovered:
D:1:      roderic_dead_forest, layout_loops_corners,
          shapermc_ecumenical_altar_mp_ritualfount
D:2:      layout_loops_cross, minmay_misc_feat_encased, reono_crystal_passage,
          minmay_misc_feat_nine_boxes, minmay_hexomino_p4
D:3:      layout_basic
D:4:      layout_gridville, uniq_eustachio
D:5:      layout_basic, minmay_checkerbox, uniq_grinder
D:6:      layout_loops_cross, serial_shops, nicolae_shop_waterfront,
          glass_columns_c, hex_medium, minmay_lizard_king, uniq_maggie,
          uniq_pikel, uniq_prince_ribbit1
D:7:      layout_gridville, chequers_temple_overflow_statue_of_worship,
          minmay_temple_entry_statues, gup_ossuary_entry_pyramid, uniq_duvessa
D:8:      layout_cave_pools, mainiacjoe_overflow_concentric_impassable,
          enter_bailey_8, nicolae_lava_and_water, minmay_fractal_squares_5,
          uniq_joseph, uniq_gastronok
Temple:   nicolae_temple_bog_church

Skill      XL: |  1  2  3  4  5  6  7  8  9 10 11 |
---------------+----------------------------------+-----
Axes           | 3 4 5 6 7 8 |  8.5
Fighting       | 4 5 6 7 8 |  8.4
Armour         | 4 5 6 11 12 | 12.3
Shields        | 4 5 6 14 | 14.8

Action                   |  1- 3 |  4- 6 |  7- 9 | 10-12 || total
-------------------------+-------+-------+-------+-------++-------
Melee: War axe           |   110 |    87 |    94 |       ||   291
       Broad axe         |       |       |       |   255 ||   255
Throw: Dart              |       |       |     5 |     2 ||     7
  Use: Scroll            |     6 |     3 |     5 |     2 ||    16
       Potion            |       |     2 |     3 |     7 ||    12
 Stab: Sleeping          |       |       |       |     2 ||     2
       Distracted        |       |       |       |     1 ||     1
Armor: Scale mail        |    51 |    36 |    22 |       ||   109
       Steam dragon scal |       |       |       |    50 ||    50
Dodge: Dodged            |    54 |    67 |    59 |   207 ||   387
Block: Buckler           |    29 |    24 |    22 |   121 ||   196

Table legend: (Time is in decaauts)
 A = Elapsed time spent in this place.
 B = Non-inter-level travel time spent in this place.
 C = Inter-level travel time spent in this place.
 D = Time resting spent in this place.
 E = Time spent auto-exploring this place.
 F = Levels seen in this place.
 G = Mean time per level.
                   A        B        C        D        E       F      G
               +--------+--------+--------+--------+--------+-----+--------+
         Total |   7150 |   6802 |    348 |   1109 |   3880 |  10 |  715.0 |
       Dungeon |   6774 |   6437 |    337 |   1106 |   3811 |   8 |  846.8 |
        Temple |     65 |     54 |     11 |      0 |     27 |   1 |   65.0 |
       Ossuary |    311 |    311 |      0 |      3 |     42 |   1 |  311.0 |
               +--------+--------+--------+--------+--------+-----+--------+

Top non-repeatable levels by time:
     D:7: 1148 daAuts
     D:6: 1126 daAuts
     D:1: 1087 daAuts
     D:2: 953 daAuts
     D:3: 852 daAuts
     D:5: 816 daAuts
     D:4: 674 daAuts
 Ossuary: 311 daAuts
     D:8: 114 daAuts
  Temple: 65 daAuts
